SL
HOUSTON 1837 BBC @ NORTHERN VIRGINIA RETRIEVERS
07/25/2022
 
TOP OF THE 1ST
Houston 1837 BBC batting - Pitching for Northern Virginia Retrievers : RHP Javier Mora
Pitching: RHP Javier Mora
Batting: LHB Jack Robbins 0-0: Ball
1-0: Ball
2-0: Ball
3-0: Base on Balls
Batting: LHB Chris Rice 0-0: Ball
Jack Robbins is caught stealing 2nd base
1-0: Ground out 4-3 (Groundball, 4)
Batting: RHB Bob Dickerson 0-0: Swinging Strike
0-1: Ball
1-1: Swinging Strike
1-2: Ball
2-2: Foul Ball, location: 2F
2-2: Ball
3-2: SINGLE (Groundball, 6MD)
Batting: LHB José Marín 0-0: Foul Ball, location: 2F
0-1: Fly out, F7 (Flyball, 7LM)
Top of the 1st over - 0 run(s), 1 hit(s), 0 error(s), 1 left on base; Houston 0 - Northern Virginia 0
BOTTOM OF THE 1ST
Northern Virginia Retrievers batting - Pitching for Houston 1837 BBC : RHP Gary Bailey
Pitching: RHP Gary Bailey
Batting: LHB Munemori Ohara 0-0: Foul Ball, location: 2F
0-1: Foul Ball, location: 2F
0-2: SINGLE (Groundball, 4MD)
Batting: LHB Wayne Akers 0-0: Called Strike
0-1: Ball
1-1: Swinging Strike
1-2: Strikes out swinging
Batting: RHB Bob Heller 0-0: Ball
1-0: Ball
2-0: Ball
3-0: Base on Balls
Munemori Ohara to second
Batting: LHB Bartolo Benítez 0-0: Swinging Strike
0-1: Ball
1-1: Ball
2-1: Called Strike
2-2: Ball
3-2: Fly out, F9 (Flyball, 9LMF)
3-2: Fly out, F9 (Flyball, 9LMF)
Batting: LHB Marlon Randall 0-0: Swinging Strike
0-1: SINGLE (Line Drive, 9S)
Munemori Ohara to third
Bob Heller to second
Runner from 3rd tries for Home, SAFE, no throw or cutoff
Batting: SHB Gustavo Fuentes 0-0: Called Strike
0-1: Fly out, F7 (Line Drive, 7M)
Bottom of the 1st over - 1 run(s), 2 hit(s), 0 error(s), 2 left on base; Houston 0 - Northern Virginia 1
TOP OF THE 2ND
Houston 1837 BBC batting - Pitching for Northern Virginia Retrievers : RHP Javier Mora
Batting: LHB Mark McClear 0-0: Swinging Strike
0-1: Ball
1-1: Ball
2-1: Swinging Strike
2-2: Ball
3-2: Foul Ball, location: 2F
3-2: Strikes out swinging
Batting: RHB Kumanosuke Abe 0-0: Ball
1-0: Swinging Strike
1-1: Ball
2-1: Foul Ball, location: 2F
2-2: Ball
3-2: Strikes out swinging
Batting: RHB Tracy Parker 0-0: Ball
1-0: Foul Ball, location: 2F
1-1: Ball
2-1: DOUBLE (Flyball, 8LXD)
Batting: RHB Rob Warner 0-0: Ball
1-0: Foul Ball, location: 2F
1-1: Ball
2-1: Foul Ball, location: 2F
2-2: Ground out 5-3 (Groundball, 5)
Top of the 2nd over - 0 run(s), 1 hit(s), 0 error(s), 1 left on base; Houston 0 - Northern Virginia 1
BOTTOM OF THE 2ND
Northern Virginia Retrievers batting - Pitching for Houston 1837 BBC : RHP Gary Bailey
Batting: LHB Rick Watson 0-0: Swinging Strike
0-1: Swinging Strike
0-2: Strikes out swinging
Batting: RHB Brandon Reed 0-0: Foul Ball, location: 2F
0-1: Foul Ball, location: 2F
0-2: Ball
1-2: Strikes out swinging
Batting: RHB Eddie O'Bryan 0-0: Swinging Strike
0-1: Swinging Strike
0-2: Strikes out swinging
Bottom of the 2nd over - 0 run(s), 0 hit(s), 0 error(s), 0 left on base; Houston 0 - Northern Virginia 1
TOP OF THE 3RD
Houston 1837 BBC batting - Pitching for Northern Virginia Retrievers : RHP Javier Mora
Batting: LHB Mike Hanson 0-0: Called Strike
0-1: Ball
1-1: Swinging Strike
1-2: Strikes out swinging
Batting: LHB Jack Robbins 0-0: Called Strike
0-1: Ground out 6-3 (Groundball, 6)
Batting: LHB Chris Rice 0-0: Ball
1-0: Foul Ball, location: 2F
1-1: Ball
2-1: SINGLE (Line Drive, 34)
Batting: RHB Bob Dickerson 0-0: Ground out U3 (Groundball, 3S)
Top of the 3rd over - 0 run(s), 1 hit(s), 0 error(s), 1 left on base; Houston 0 - Northern Virginia 1
BOTTOM OF THE 3RD
Northern Virginia Retrievers batting - Pitching for Houston 1837 BBC : RHP Gary Bailey
Batting: LHB Munemori Ohara 0-0: Fly out, F7 (Popup, 5D)
Batting: LHB Wayne Akers 0-0: Foul Ball, location: 2F
0-1: Ball
1-1: Called Strike
1-2: Fly out, F8 (Flyball, 8LM)
Batting: RHB Bob Heller 0-0: Ball
1-0: Ball
2-0: Ball
3-0: Called Strike
3-1: Fly out, F9 (Flyball, 9M)
Bottom of the 3rd over - 0 run(s), 0 hit(s), 0 error(s), 0 left on base; Houston 0 - Northern Virginia 1
TOP OF THE 4TH
Houston 1837 BBC batting - Pitching for Northern Virginia Retrievers : RHP Javier Mora
Batting: LHB José Marín 0-0: Called Strike
0-1: Swinging Strike
0-2: Ball
1-2: Foul Ball, location: 2F
1-2: Strikes out swinging
Batting: LHB Mark McClear 0-0: Ball
1-0: Fly out, F8 (Flyball, 8LM)
Batting: RHB Kumanosuke Abe 0-0: Called Strike
0-1: Foul Ball, location: 2F
0-2: Ball
1-2: Foul Ball, location: 2F
1-2: Ball
2-2: Strikes out swinging
Top of the 4th over - 0 run(s), 0 hit(s), 0 error(s), 0 left on base; Houston 0 - Northern Virginia 1
BOTTOM OF THE 4TH
Northern Virginia Retrievers batting - Pitching for Houston 1837 BBC : RHP Gary Bailey
Batting: LHB Bartolo Benítez 0-0: Foul Ball, location: 2F
0-1: Foul Ball, location: 2F
0-2: Strikes out swinging
Batting: LHB Marlon Randall 0-0: Ball
1-0: Ball
2-0: Ball
3-0: Called Strike
3-1: Fly out, F7 (Flyball, 7M)
Batting: SHB Gustavo Fuentes 0-0: Ball
1-0: Ball
2-0: Ground out 6-3 (Groundball, 6M)
Bottom of the 4th over - 0 run(s), 0 hit(s), 0 error(s), 0 left on base; Houston 0 - Northern Virginia 1
TOP OF THE 5TH
Houston 1837 BBC batting - Pitching for Northern Virginia Retrievers : RHP Javier Mora
Batting: RHB Tracy Parker 0-0: Called Strike
0-1: Foul Ball, location: 2F
0-2: Foul Ball, location: 2F
0-2: Ball
1-2: Ball
2-2: Foul Ball, location: 2F
2-2: Foul Ball, location: 2F
2-2: Ball
3-2: Foul Ball, location: 2F
3-2: Strikes out swinging
Batting: RHB Rob Warner 0-0: Fly out, F8 (Flyball, 8LD)
Batting: LHB Mike Hanson 0-0: Called Strike
0-1: Ball
1-1: Ball
2-1: Ball
3-1: Called Strike
3-2: Strikes out swinging
Top of the 5th over - 0 run(s), 0 hit(s), 0 error(s), 0 left on base; Houston 0 - Northern Virginia 1
BOTTOM OF THE 5TH
Northern Virginia Retrievers batting - Pitching for Houston 1837 BBC : RHP Gary Bailey
Batting: LHB Rick Watson 0-0: Called Strike
0-1: Ball
1-1: Ball
2-1: Ground out U3 (Groundball, 3S)
Batting: RHB Brandon Reed 0-0: Fly out, F8 (Flyball, 8LM)
Batting: RHB Eddie O'Bryan 0-0: Ball
1-0: Called Strike
1-1: Ball
2-1: Swinging Strike
2-2: Strikes out swinging
Bottom of the 5th over - 0 run(s), 0 hit(s), 0 error(s), 0 left on base; Houston 0 - Northern Virginia 1
TOP OF THE 6TH
Houston 1837 BBC batting - Pitching for Northern Virginia Retrievers : RHP Javier Mora
Batting: LHB Jack Robbins 0-0: Foul Ball, location: 2F
0-1: Foul Ball, location: 2F
0-2: Ball
1-2: Fly out, F7 (Flyball, 7M)
Batting: LHB Chris Rice 0-0: Called Strike
0-1: Swinging Strike
0-2: Ground out 4-3 (Groundball, 4M)
Batting: RHB Bob Dickerson 0-0: Fly out, F9 (Flyball, 9LMF)
Top of the 6th over - 0 run(s), 0 hit(s), 0 error(s), 0 left on base; Houston 0 - Northern Virginia 1
BOTTOM OF THE 6TH
Northern Virginia Retrievers batting - Pitching for Houston 1837 BBC : RHP Gary Bailey
Batting: LHB Munemori Ohara 0-0: Foul Ball, location: 2F
0-1: Ball
1-1: Foul Ball, location: 2F
1-2: Strikes out swinging
Batting: LHB Wayne Akers 0-0: Ball
1-0: Called Strike
1-1: Ball
2-1: Swinging Strike
2-2: Ball
3-2: Strikes out swinging
Batting: RHB Bob Heller 0-0: Ball
1-0: Foul Ball, location: 2F
1-1: Ball
2-1: Ball
3-1: Foul Ball, location: 2F
3-2: Foul Ball, location: 2F
3-2: Foul Ball, location: 2F
3-2: Foul Ball, location: 2F
3-2: Fly out, F5 (Line Drive, 5)
Bottom of the 6th over - 0 run(s), 0 hit(s), 0 error(s), 0 left on base; Houston 0 - Northern Virginia 1
TOP OF THE 7TH
Houston 1837 BBC batting - Pitching for Northern Virginia Retrievers : RHP Javier Mora
Batting: LHB José Marín 0-0: DOUBLE (Line Drive, 9LD)
Batting: LHB Mark McClear 0-0: SINGLE (Groundball, 4M)
José Marín to third
Batting: RHB Kumanosuke Abe 0-0: Ball
1-0: Called Strike
1-1: Foul Ball, location: 2F
1-2: Ball
2-2: Foul Ball, location: 2F
2-2: Strikes out swinging
Pinch Hitting: LHB Juan Rodríguez 0-0: Ball
1-0: Called Strike
1-1: Ball
2-1: Ball
3-1: SINGLE (Groundball, 34)
José Marín scores
Mark McClear to second
Batting: RHB Rob Warner 0-0: Called Strike
0-1: Foul Ball, location: 2F
0-2: Strikes out swinging
Batting: LHB Mike Hanson 0-0: Ball
Balk!
Mark McClear to third
Juan Rodríguez to second
1-0: Ball
2-0: Ball
3-0: Base on Balls
Pitching: LHP Stanley Harris
Batting: LHB Jack Robbins 0-0: Foul Ball, location: 2F
0-1: Foul Ball, location: 2F
0-2: Hit by Pitch
Mark McClear scores
Juan Rodríguez to third
Mike Hanson to second
Pitching: LHP Joe Kehoe
Pinch Hitting: RHB Steve Hinkle 0-0: Ball
1-0: Swinging Strike
1-1: Ball
2-1: Ground out 5-3 (Groundball, 5S)
Top of the 7th over - 2 run(s), 3 hit(s), 0 error(s), 3 left on base; Houston 2 - Northern Virginia 1
BOTTOM OF THE 7TH
Northern Virginia Retrievers batting - Pitching for Houston 1837 BBC : RHP Gary Bailey
Now at 1B: Juan Rodríguez
Now in LF: Steve Hinkle
Batting: LHB Bartolo Benítez 0-0: Called Strike
0-1: Ball
1-1: Called Strike
1-2: Ground out 4-3 (Groundball, 4)
Batting: LHB Marlon Randall 0-0: Called Strike
0-1: Ground out 2-3 (Groundball, 23)
Batting: SHB Gustavo Fuentes 0-0: Ball
1-0: Called Strike
1-1: Ground out U3 (Groundball, 3L)
Bottom of the 7th over - 0 run(s), 0 hit(s), 0 error(s), 0 left on base; Houston 2 - Northern Virginia 1
TOP OF THE 8TH
Houston 1837 BBC batting - Pitching for Northern Virginia Retrievers : LHP Joe Kehoe
Batting: RHB Bob Dickerson 0-0: Ball
1-0: Foul Ball, location: 2F
1-1: SINGLE (Line Drive, 78S)
Batting: LHB José Marín 0-0: SINGLE (Groundball, 34)
Bob Dickerson to second
Runner from 2nd tries for 3rd, SAFE, throw made to third
Batting: LHB Mark McClear 0-0: Ball
1-0: Ball
2-0: Ball
3-0: Called Strike
3-1: Foul Ball, location: 2F
3-2: Foul Ball, location: 2F
3-2: Fly out, F7 (Flyball, 7S)
3-2: Fly out, F7 (Flyball, 7S)
Batting: RHB Kumanosuke Abe 0-0: Swinging Strike
0-1: Foul Ball, location: 2F
0-2: Ball
1-2: Grounds into double play, 5-4-3 (Groundball, 5)
Top of the 8th over - 0 run(s), 2 hit(s), 0 error(s), 1 left on base; Houston 2 - Northern Virginia 1
BOTTOM OF THE 8TH
Northern Virginia Retrievers batting - Pitching for Houston 1837 BBC : RHP Gary Bailey
Batting: LHB Rick Watson 0-0: Swinging Strike
0-1: Called Strike
0-2: Strikes out looking
Batting: RHB Brandon Reed 0-0: Called Strike
0-1: Swinging Strike
0-2: Ball
1-2: Fly out, F7 (Line Drive, 78S)
Batting: RHB Eddie O'Bryan 0-0: Fly out, F9 (Flyball, 9D)
Bottom of the 8th over - 0 run(s), 0 hit(s), 0 error(s), 0 left on base; Houston 2 - Northern Virginia 1
TOP OF THE 9TH
Houston 1837 BBC batting - Pitching for Northern Virginia Retrievers : LHP Joe Kehoe
Batting: LHB Juan Rodríguez 0-0: Called Strike
0-1: Swinging Strike
0-2: Foul Ball, location: 2F
0-2: Ball
1-2: Ball
2-2: SOLO HOME RUN (Flyball, 9LD), Distance : 347 ft
Batting: RHB Rob Warner 0-0: Ball
1-0: Called Strike
1-1: Ball
2-1: Ball
3-1: Foul Ball, location: 2F
3-2: Strikes out looking
Batting: LHB Mike Hanson 0-0: Called Strike
0-1: Called Strike
0-2: Fly out, F5 (Flyball, 5L)
Batting: LHB Jack Robbins 0-0: Ball
1-0: Ball
2-0: Foul Ball, location: 2F
2-1: Ground out 4-3 (Groundball, 4M)
Top of the 9th over - 1 run(s), 1 hit(s), 0 error(s), 0 left on base; Houston 3 - Northern Virginia 1
BOTTOM OF THE 9TH
Northern Virginia Retrievers batting - Pitching for Houston 1837 BBC : RHP Gary Bailey
Batting: LHB Munemori Ohara 0-0: Ball
1-0: Swinging Strike
1-1: Ball
2-1: Foul Ball, location: 2F
2-2: Ball
3-2: Strikes out swinging
Batting: LHB Wayne Akers 0-0: Called Strike
0-1: Ball
1-1: Ball
2-1: Swinging Strike
2-2: Foul Ball, location: 2F
2-2: Ball
3-2: Ground out U3 (Groundball, 3L)
Batting: RHB Bob Heller 0-0: Ball
1-0: Swinging Strike
1-1: Ball
2-1: Called Strike
2-2: Foul Ball, location: 2F
2-2: Ball
3-2: Foul Ball, location: 2F
3-2: Strikes out looking
Bottom of the 9th over - 0 run(s), 0 hit(s), 0 error(s), 0 left on base; Houston 3 - Northern Virginia 1
This league is powered by Out of the Park Baseball, the baseball management simulation game for PC, Mac and Linux
Friday, April 15th, 2016 - OOTP Baseball 16.9 Build 39